Map: Abyssal Reef LE

Players

SpeCiaL - Winner!

  • Race: Terran Terran
  • Spawn Location: 5:00

Neeb

  • Race: Protoss Protoss
  • Spawn Location: 11:00

Event: WCS Valencia 2017

VOD

Have the link to the VOD?

Description

Time

  • Played on: July 15, 2017, 9:25 a.m.
  • Length: 3:50

All games in this series

Show
View Real Time Build Order
Export as new Build Order

SpeCiaL Terran - Winner!

Build Orders: Cyclone Opening 

Get SALT Encoding   

  12  0:00  SCV  
  13  0:12  SCV  
  14  0:17  Supply Depot  
  14  0:25  SCV  
  15  0:38  SCV  
  15  0:40  Barracks  
  16  0:44  Refinery  
  16  0:50  SCV  
  17  1:02  SCV  
  18  1:15  SCV  
  19  1:28  Marine, Orbital Command  
  20  1:46  Factory  
  20  1:49  Supply Depot  
  20  1:50  Marine  
  22  1:54  SCV  
  22  2:06  SCV  
  23  2:10  Marine  
  24  2:16  Command Center  
  24  2:19  SCV  
  25  2:28  Marine  
  25  2:29  Cyclone  
  29  2:34  Supply Depot  
  29  2:37  SCV  
  30  2:47  Barracks Reactor  
  30  2:49  SCV  
  31  3:01  SCV  
  32  3:12  Bunker  
  32  3:13  SCV  
  32  3:18  Cyclone  
  36  3:21  Engineering Bay  
  36  3:25  Marine x2, SCV  
  38  3:37  SCV  
Show
View Real Time Build Order
Export as new Build Order

Neeb Protoss 

Build Orders: 1 Gate Expand, Oracle Opening 

Get SALT Encoding   

  12  0:00  Probe (Chrono Boost)  
  13  0:11  Probe (Chrono Boost)  
  14  0:18  Pylon  
  14  0:22  Probe (Chrono Boost)  
  15  0:36  Probe (Chrono Boost)  
  15  0:37  Gateway  
  16  0:45  Assimilator  
  16  0:46  Probe (Chrono Boost)  
  17  0:57  Probe (Chrono Boost)  
  18  1:08  Probe (Chrono Boost)  
  19  1:20  Nexus  
  19  1:23  Probe (Chrono Boost)  
  20  1:33  Cybernetics Core  
  20  1:36  Probe (Chrono Boost)  
  21  1:44  Assimilator  
  22  1:47  Probe (Chrono Boost)  
  22  1:51  Pylon  
  22  1:57  Probe (Chrono Boost)  
  23  2:09  Probe  
  23  2:10  Adept (Chrono Boost)  
  26  2:21  Probe  
  27  2:32  Probe (Chrono Boost), Stargate  
  27  2:34  Probe (Chrono Boost)  
  29  2:37  Adept (Chrono Boost)  
  32  2:44  Probe (Chrono Boost)  
  32  2:45  Probe (Chrono Boost)  
  33  2:55  Probe (Chrono Boost)  
  33  2:56  Probe (Chrono Boost)  
  35  3:05  Probe (Chrono Boost)  
  36  3:06  Probe (Chrono Boost), Adept  
  39  3:14  Probe (Chrono Boost)  
  39  3:15  Oracle (Chrono Boost)  
  40  3:30  Probe  
  40  3:31  Probe  
Tags
 
Add a new tag
Caveats
  • Supply blocks, unpowered buildings, or Contaminate may cause inaccurate times.
  • Supply counts are checked every 10 seconds.